Map: Lerilak Crest

Players

Light (SpeCial)

  • Race: Terran Terran
  • League: Master

Shura (Scarlett) - Winner!

  • Race: Zerg Zerg
  • League: Grandmaster

Event: NationWars III

VOD

Have the link to the VOD?

Description

Time

  • Played on: Dec. 10, 2015, 11:26 a.m.
  • Length: 19:43

All games in this series

Show
View Real Time Build Order
Export as new Build Order

Light Terran 

Build Orders: Reaper Expand, Bio Mine, Hellion Banshee 

Get SALT Encoding   

  12  0:01  SCV  
  13  0:13  SCV  
  14  0:17  Supply Depot  
  14  0:25  SCV  
  15  0:39  SCV  
  15  0:41  Barracks  
  16  0:43  Refinery  
  16  0:51  SCV  
  17  1:03  SCV  
  18  1:15  SCV  
  19  1:28  Orbital Command  
  19  1:29  Reaper  
  20  1:42  Command Center  
  20  1:53  Supply Depot  
  20  1:54  SCV  
  21  2:00  Marine  
  22  2:06  SCV  
  23  2:10  Factory  
  23  2:18  SCV  
  23  2:21  Barracks Reactor  
  24  2:23  Refinery  
  24  2:30  SCV  
  25  2:42  SCV  
  26  2:54  SCV, Orbital Command  
  26  2:57  Starport  
  27  3:05  Hellion x2, Marine  
  32  3:06  SCV  
  33  3:15  Supply Depot  
  33  3:18  SCV  
  34  3:21  SCV  
  34  3:23  Marine  
  36  3:27  Widow Mine x2  
  36  3:31  SCV  
  41  3:34  Medivac  
  41  3:35  SCV  
  41  3:41  Supply Depot  
  44  3:43  SCV  
  44  3:45  Barracks Tech Lab  
  45  3:55  SCV x2  
  47  3:59  Hellion x2  
  51  4:10  Supply Depot, SCV x2  
  51  4:14  Banshee  
  51  4:15  Cloaking Field  
  51  4:16  Barracks Tech Lab  
  56  4:26  Hellion x2  
  60  4:36  SCV  
  60  4:37  SCV  
  60  4:38  Marine  
  60  4:39  Command Center  
  59  4:51  SCV x2  
  60  4:54  Supply Depot  
  60  4:55  Hellion  
  60  4:57  Banshee  
  67  5:00  Hellion  
  67  5:02  Marine  
  68  5:07  Stimpack  
  68  5:08  SCV x2  
  68  5:16  Hellion  
  70  5:27  SCV x2  
  72  5:29  Engineering Bay  
  72  5:30  Engineering Bay  
  68  5:41  Banshee  
  71  5:48  Factory Reactor  
  71  5:49  Barracks  
  71  5:52  SCV, Barracks  
  71  5:53  SCV, Orbital Command  
  71  5:54  Refinery x2  
  73  6:06  SCV  
  73  6:07  Terran Infantry Weapons Level 1, SCV, Terran Infantry Armor Level 1  
  75  6:14  Barracks, Marine  
  75  6:15  Barracks  
  74  6:19  SCV x2  
  76  6:27  Orbital Command  
  76  6:36  Supply Depot, SCV x2  
  78  6:42  Factory Reactor  
  78  6:43  Barracks Reactor  
  78  6:48  SCV x2  
  78  6:52  Marine x3  
  78  6:53  Medivac x2  
  87  6:57  SCV  
  87  6:58  Supply Depot  
  87  7:00  SCV x2  
  90  7:04  Barracks Reactor x2  
  90  7:09  SCV  
  90  7:10  Marine x3  
  90  7:11  Combat Shields  
  90  7:12  Supply Depot, SCV  
  90  7:13  SCV  
  90  7:15  Armory, Refinery  
  96  7:18  Widow Mine  
  96  7:21  SCV, Marine x2  
  101  7:25  SCV x2, Medivac x2  
  101  7:28  Marine x2  
  109  7:33  SCV, Marine  
  112  7:37  SCV x2  
  112  7:39  Marine x2  
  112  7:43  Widow Mine  
  117  7:46  Factory  
  117  7:55  Supply Depot  
  117  7:57  Supply Depot  
  117  8:02  Marine  
  117  8:03  Missile Turret  
  117  8:04  Missile Turret  
  117  8:05  SCV  
  117  8:07  Marine  
  117  8:08  Missile Turret  
  117  8:09  Marine  
  117  8:12  Marine  
  117  8:14  Widow Mine  
  117  8:15  SCV, Marine x2  
  117  8:16  SCV, Medivac x2, Marine  
  117  8:17  SCV  
  121  8:20  Marine x2  
  121  8:21  Marine  
  121  8:25  Marine  
  125  8:27  SCV, Marine  
  125  8:28  SCV  
  125  8:29  SCV  
  125  8:30  Marine, Widow Mine  
  125  8:31  Mag-Field Accelerator  
  125  8:32  Marine  
  133  8:37  Marine  
  133  8:39  Supply Depot  
  133  8:40  Supply Depot, SCV x2, Marine  
  133  8:46  Terran Infantry Weapons Level 2, Terran Infantry Armor Level 2  
  133  8:47  SCV  
  133  9:00  Marine x6, Widow Mine  
  133  9:01  Marine x3, Widow Mine  
  146  9:04  Supply Depot  
  146  9:05  Supply Depot  
  146  9:11  Widow Mine  
  148  9:17  Liberator x2  
  148  9:18  Marine  
  149  9:25  Marine x6  
  149  9:26  Marine, Marauder  
  149  9:28  Widow Mine  
  164  9:32  Supply Depot x2  
  164  9:33  Supply Depot, Terran Ship Weapons Level 1  
  164  9:34  Widow Mine  
  164  9:35  Marine  
  166  9:41  Widow Mine  
  166  9:43  Marine x2  
  170  9:46  Missile Turret  
  170  9:47  Marauder  
  169  9:53  Marine  
  169  9:54  Marine x2  
  169  9:57  Widow Mine  
  174  10:00  Liberator x2  
  174  10:02  Marine x2  
  174  10:07  Marine x2  
  162  10:08  Marauder  
  152  10:22  Widow Mine x2  
  152  10:24  Marine x2  
  152  10:25  Marine  
  148  10:34  Marine x6  
  154  10:38  Command Center  
  154  10:40  Widow Mine  
  154  10:41  Drilling Claws  
  156  10:45  Missile Turret  
  156  10:46  Missile Turret  
  156  10:50  Widow Mine  
  156  10:55  Marine x4  
  156  10:56  Marine x5  
  165  11:00  Medivac x2  
  165  11:02  Sensor Tower  
  165  11:03  Missile Turret  
  169  11:09  Terran Infantry Weapons Level 3, Terran Infantry Armor Level 3  
  169  11:13  Barracks, Marine  
  170  11:26  Supply Depot, Refinery  
  170  11:27  Marine  
  170  11:28  Marine x5  
  170  11:29  Marine x2  
  170  11:30  Medivac x2  
  170  11:31  Marine  
  181  11:43  Liberator x2  
  181  11:45  Marine x2  
  181  11:46  Marine x5  
  188  11:47  Marauder  
  190  11:59  Marine  
  197  12:03  Marine x2  
  197  12:04  Marine x2  
  179  12:11  Marine x4  
  176  12:20  Marine  
  176  12:21  Marine x3  
  176  12:22  Marine  
  181  12:23  Barracks Tech Lab  
  181  12:25  Barracks  
  181  12:27  Terran Ship Weapons Level 2  
  181  12:28  Missile Turret  
  181  12:29  Missile Turret, Marine  
  179  12:33  Widow Mine  
  179  12:34  Widow Mine x2  
  179  12:36  Marine x2  
  183  12:37  Marauder  
  183  12:38  Marine  
  183  12:39  Marine x2  
  183  12:43  Medivac x2  
  190  12:47  Ghost Academy  
  190  12:54  Planetary Fortress  
  190  13:02  Widow Mine x2, Marauder x2  
  190  13:04  Widow Mine  
  199  13:13  Liberator  
  197  13:29  Command Center  
  200  13:52  Marine  
  200  13:57  Barracks Tech Lab  
  190  14:05  Ghost  
  190  14:06  Ghost  
  190  14:07  Marine  
  195  14:15  Medivac  
  195  14:16  Medivac  
  164  14:31  Marauder, Marine  
  164  14:32  Marine x2  
  164  14:34  Ghost x2, Marine x2  
  164  14:35  Marine  
  164  14:36  Marine x2  
  148  14:39  Widow Mine x3  
  145  14:45  Medivac  
  145  14:46  Medivac  
  145  14:49  Marine  
  145  14:50  Marine x2  
  145  14:52  Ghost, Marine  
  151  14:59  Refinery  
  153  15:03  Ghost x2  
  153  15:06  Marine x3  
  158  15:08  Widow Mine x3  
  164  15:15  Medivac  
  164  15:20  Ghost  
  158  15:31  Planetary Fortress, Ghost  
  158  15:32  Marine, Marauder  
  158  15:36  Marine, Widow Mine  
  158  15:37  Marine  
  162  15:43  Missile Turret  
  162  15:44  Marine x4  
  162  15:46  Widow Mine x2  
  162  15:49  Ghost, Missile Turret  
  172  15:53  Marauder  
  170  15:57  SCV x3  
  170  15:59  Missile Turret  
  170  16:01  Marauder  
  170  16:02  Marine  
  175  16:09  SCV  
  174  16:14  Ghost  
  174  16:17  Ghost  
  171  16:22  Marauder, Marine x3  
  171  16:23  Marine x2  
  164  16:30  Marine x3  
  138  16:42  Ghost, Marine x2  
  138  16:44  Marauder  
  121  16:54  Marine x2  
  121  16:55  Marauder  
  121  16:57  Marine  
  115  17:11  Medivac x2, Orbital Command  
  105  17:16  Orbital Command  
  105  17:25  Ghost, Concussive Shells  
  107  17:33  Widow Mine  
  109  17:37  Widow Mine  
  111  17:48  Widow Mine  
  113  17:57  Medivac x2  
  114  18:07  Marine  
  114  18:09  Marine x6  
  114  18:10  Marine x3  
  120  18:21  Refinery  
  120  18:25  Marine  
  120  18:26  Marauder  
  120  18:27  Medivac x2, Marine x3  
  128  18:36  Marine x2  
  128  18:37  SCV x2  
  128  18:38  SCV  
  125  18:49  SCV x2  
  126  19:05  Ghost  
  126  19:06  Marine x3  
  128  19:19  Missile Turret  
Show
View Real Time Build Order
Export as new Build Order

Shura Zerg - Winner!

Build Orders: Hatch First, Muta Ling Bane 

Get SALT Encoding   

  12  0:01  Drone  
  13  0:13  Overlord  
  13  0:18  Drone  
  14  0:31  Drone x2  
  14  0:35  Drone  
  17  0:47  Drone  
  18  0:55  Hatchery  
  17  0:58  Drone  
  18  1:12  Spawning Pool  
  18  1:14  Drone  
  18  1:19  Drone  
  18  1:22  Extractor  
  18  1:28  Drone  
  19  1:39  Overlord  
  19  1:58  Queen  
  19  1:59  Zergling x2  
  22  2:04  Zergling x2  
  22  2:06  Queen  
  22  2:07  Drone  
  26  2:14  Drone  
  27  2:18  Drone  
  27  2:32  Spore Crawler, Drone  
  27  2:33  Metabolic Boost, Drone x2  
  29  2:37  Queen  
  32  2:58  Overlord, Drone x3  
  35  3:07  Overlord  
  35  3:12  Hatchery, Drone  
  35  3:17  Drone x5  
  40  3:26  Overlord  
  40  3:27  Zergling x4  
  40  3:33  Queen  
  44  3:35  Drone  
  45  3:42  Drone  
  45  3:43  Drone  
  47  3:49  Queen  
  47  3:52  Drone x5  
  54  4:00  Evolution Chamber x2  
  54  4:01  Extractor  
  51  4:02  Extractor  
  51  4:05  Overlord  
  51  4:06  Drone x2  
  52  4:20  Drone x7  
  52  4:21  Spore Crawler  
  56  4:27  Spore Crawler  
  56  4:29  Zergling x6  
  56  4:44  Queen, Zergling x6  
  56  4:45  Drone x2  
  62  4:47  Zerg Melee Weapons Level 1  
  62  4:51  Lair  
  62  5:00  Drone x6  
  62  5:06  Baneling Nest  
  61  5:23  Zergling x10  
  61  5:25  Drone x5, Zerg Ground Armor Level 1  
  71  5:40  Overlord x2, Drone x3  
  74  5:44  Extractor  
  73  5:54  Spire, Baneling x2  
  73  5:56  Spore Crawler  
  70  5:59  Overseer  
  69  6:08  Drone x2  
  69  6:09  Drone  
  69  6:10  Drone x9  
  76  6:19  Centrifical Hooks  
  76  6:20  Zergling x2  
  76  6:21  Zergling x6  
  77  6:28  Queen  
  77  6:29  Extractor  
  77  6:30  Extractor  
  73  6:38  Drone, Queen  
  73  6:39  Drone  
  77  6:41  Hatchery  
  77  6:45  Zerg Melee Weapons Level 2  
  77  6:46  Overseer  
  75  6:48  Drone x5  
  75  6:49  Drone x3  
  83  6:56  Overlord x2  
  83  6:57  Overlord x2  
  83  7:07  Mutalisk  
  85  7:09  Drone x3  
  85  7:13  Drone  
  85  7:14  Overlord  
  89  7:17  Pneumatized Carapace, Overseer  
  89  7:25  Hatchery, Mutalisk x2  
  89  7:27  Drone x2  
  89  7:28  Drone x4  
  89  7:29  Drone  
  99  7:33  Mutalisk  
  99  7:35  Baneling  
  99  7:36  Baneling  
  101  7:45  Mutalisk  
  101  7:47  Zergling x12  
  101  7:48  Zergling x4  
  110  7:52  Baneling x2  
  110  7:53  Baneling x6  
  110  7:55  Zergling x2  
  110  7:56  Zergling x4  
  113  8:01  Mutalisk  
  113  8:02  Zergling x2  
  113  8:03  Baneling  
  113  8:04  Zergling x4, Baneling x2  
  109  8:20  Mutalisk  
  109  8:21  Mutalisk  
  109  8:23  Drone x6  
  117  8:28  Drone x2  
  119  8:34  Mutalisk x3  
  119  8:40  Drone  
  119  8:41  Drone x8  
  134  8:48  Zerg Ground Armor Level 2  
  134  8:51  Extractor  
  133  8:55  Extractor  
  133  8:58  Zergling x4  
  133  8:59  Infestation Pit  
  133  9:03  Overlord x4  
  133  9:04  Overlord x2  
  131  9:10  Baneling x10  
  129  9:22  Hatchery  
  123  9:27  Mutalisk x2  
  123  9:28  Zergling x2  
  123  9:29  Zergling x36  
  143  9:40  Mutalisk x3  
  143  9:41  Overlord x3  
  143  9:42  Zergling x10  
  150  9:56  Zergling x14  
  150  9:57  Zergling x6  
  149  10:13  Mutalisk x4  
  149  10:14  Mutalisk x2  
  149  10:18  Zergling x10  
  149  10:19  Zergling x4  
  163  10:29  Hatchery  
  163  10:33  Hive, Zerg Flyer Armor Level 1  
  162  10:42  Mutalisk x2  
  162  10:44  Overlord  
  162  10:45  Zergling x10  
  171  11:02  Baneling x4  
  171  11:03  Baneling x6  
  171  11:07  Extractor  
  171  11:09  Overlord  
  171  11:10  Drone x2, Extractor  
  171  11:11  Drone x4  
  172  11:16  Zergling x12  
  179  11:41  Overseer x2  
  179  11:47  Zerg Ground Armor Level 3, Zerg Melee Weapons Level 3  
  179  11:48  Ultralisk Cavern  
  179  11:50  Zergling x14  
  179  11:51  Zergling x16  
  179  11:52  Adrenal Glands  
  191  11:55  Zergling x6  
  169  12:11  Mutalisk x2  
  159  12:15  Baneling  
  159  12:16  Overseer, Baneling x8  
  159  12:24  Pathogen Glands  
  159  12:26  Drone x3  
  162  12:31  Drone x8  
  162  12:32  Spine Crawler  
  162  12:33  Drone, Spore Crawler  
  169  12:41  Chitinous Plating  
  169  12:56  Infestor x4  
  172  13:07  Ultralisk  
  172  13:09  Zerg Flyer Armor Level 2  
  178  13:14  Infestor x2  
  178  13:17  Infestor  
  184  13:21  Zergling x2  
  184  13:22  Zergling x8  
  189  13:29  Baneling x6  
  189  13:30  Baneling  
  189  13:31  Infestor  
  189  13:36  Ultralisk  
  195  13:59  Ultralisk  
  174  14:35  Ultralisk x3, Zergling x12  
  174  14:36  Zergling x4  
  190  14:42  Ultralisk  
  190  14:43  Zergling x6  
  190  15:10  Hatchery  
  189  15:20  Zergling x6  
  189  15:21  Zergling x14  
  199  15:26  Zerg Flyer Weapons Level 1  
  194  15:38  Baneling x4  
  194  15:39  Baneling x4  
  191  15:49  Zergling x16  
  193  16:00  Ultralisk, Zergling x4  
  170  16:23  Ultralisk x2  
  170  16:24  Zergling x14  
  170  16:25  Zergling x14  
  174  16:39  Ultralisk x2, Zergling x14  
  185  16:53  Zergling x12  
  165  17:02  Infestor x4  
  165  17:03  Infestor x2  
  177  17:08  Burrow  
  177  17:10  Overseer  
  177  17:11  Queen  
  177  17:14  Drone x3  
  150  17:24  Mutalisk x2  
  150  17:25  Mutalisk x10  
  150  17:27  Mutalisk  
  150  17:28  Overlord x2  
  150  17:29  Overseer x2  
  170  17:39  Hatchery  
  170  17:41  Infestor x2  
  170  17:43  Ultralisk x2  
  185  17:50  Zergling x24  
  195  17:51  Baneling x3  
  195  17:52  Baneling x12  
  194  18:05  Extractor  
  191  18:08  Extractor  
  190  18:16  Overlord  
  190  18:18  Overseer  
  190  18:20  Baneling x6  
  190  18:33  Mutalisk x5  
  194  18:51  Zergling x10  
  197  19:18  Spine Crawler  
  197  19:19  Drone x3, Spine Crawler  
  197  19:20  Spine Crawler  
Tags
 
Add a new tag
Caveats
  • Supply blocks, unpowered buildings, or Contaminate may cause inaccurate times.
  • Supply counts are checked every 10 seconds.